AoeStats
← [RZ] HardZeeiRa-BR

African Clearing

510624649Analyzed
2v2 RM · 7h ago on Oct 1, 2026· 50m 38s· 4 players
Game mode
Random Map
Map size
Medium (4 player)
Population
200
Speed
Normal
Resources
Standard
Victory
Conquest
Starting age
Dark Age
Ending age
Imperial Age
RankedLock teamsTeams togetherTeam positionsShared explorationLock speedFull tech treeHidden civsTurbo modeCheats
Victory
Defeat
🇧🇷 Magyars · Brazil
1404
+13
🇧🇷 Varangians · Brazil
1210
+21
🇧🇷 Italians · Brazil
1336
-17
🇧🇷 Georgians · Brazil
1322
-17
[RZ] HardZeeiRa-BR
8:52 Loom
13:04 Feudal Age
14:20 Double-Bit Axe
15:10 Horse Collar
16:26 Bloodlines
19:08 Scale Barding Armor
23:46 Wheelbarrow
26:07 Castle Age
25:27 Forging
25:12 Gold Mining
28:01 Chain Barding Armor
27:44 Husbandry
29:14 Iron Casting
29:44 Bow Saw
34:42 Stone Mining
34:52 Vendel Legacy
35:32 Herbal Medicine
42:30 Stone Shaft Mining
42:18 Fletching
46:26 Imperial Age
45:47 Heavy Plow
46:29 Cavalier
47:45 Plate Barding Armor
49:17 Blast Furnace
[RZ] Arch Oxys
8:17 Loom
11:03 Feudal Age
11:58 Double-Bit Axe
16:03 Wheelbarrow
17:14 Horse Collar
20:44 Castle Age
20:27 Fletching
20:59 Gold Mining
23:07 Bow Saw
28:43 Heavy Plow
28:34 Elite Skirmisher
29:34 Town Watch
31:04 Hand Cart
32:49 Bodkin Arrow
33:20 Padded Archer Armor
34:16 Town Patrol
39:05 Imperial Age
36:48 Bloodlines
36:40 Husbandry
37:35 Thumb Ring
37:47 Leather Archer Armor
39:16 Heavy Cavalry Archer
40:03 Bracer
40:35 Ring Archer Armor
42:06 Recurve Bow
42:27 Conscription
43:24 Parthian Tactics
42:33 Light Cavalry
44:36 Chemistry
43:57 Ballistics
43:10 Hussar
44:57 Scale Barding Armor
Borborema
6:14 Loom
14:10 Feudal Age
17:26 Double-Bit Axe
20:42 Castle Age
20:54 Bloodlines
20:42 Horse Collar
23:05 Scale Barding Armor
27:24 Chain Barding Armor
29:09 Husbandry
34:17 Gold Mining
35:39 Forging
35:20 Fletching
36:32 Bow Saw
39:03 Iron Casting
40:09 Bodkin Arrow
42:06 Stone Mining
46:13 Imperial Age
46:59 Wheelbarrow
46:37 Scale Mail Armor
47:52 Plate Barding Armor
49:03 Chain Mail Armor
50:45 Blast Furnace
Bill
12:36 Feudal Age
10:55 Loom
12:40 Feudal Age
17:16 Castle Age
15:22 Double-Bit Axe
17:53 Fletching
24:12 Bodkin Arrow
27:18 Padded Archer Armor
31:06 Ballistics
31:50 Leather Archer Armor
31:50 Bloodlines
31:40 Husbandry
32:51 Scale Barding Armor
33:12 Bow Saw
35:19 Wheelbarrow
34:48 Horse Collar
36:10 Chain Barding Armor
38:29 Imperial Age
36:11 Husbandry
39:12 Bracer
39:33 Chain Barding Armor
39:05 Cavalier
39:32 Elite Genoese Crossbowman
44:29 Ring Archer Armor
44:28 Hand Cart
43:58 Town Watch
45:57 Plate Barding Armor
45:33 Forging
47:58 Murder Holes
49:00 Gold Mining
49:18 Heavy Plow
50:01 Iron Casting
Connection lost

Rejoining the realm…

Still unreachable

The connection could not be restored.

Session expired

The server has moved on; the page needs a fresh start.